Jets vs Stars

Created - November 1, 2016 at 17:23

Goals
1 2 3 T
Jets 3 2 2 7
Stars 1 2 1 4
Shots
1 2 3 T
Jets 7 9 13 29
Stars 6 8 4 18

1st period

1. Jets , Rickard Rakell 3 (Cam Atkinson, Tyler Myers) at 0:56
2. Stars , Sidney Crosby 6 (Adam Pardy, David Backes) at 3:43
3. Jets , Nick Bonino 5 (Jason Zucker) at 5:46
4. Jets , David Krejci 4 (Joe Pavelski, Jamie Benn) at 13:22

Penalties :
Radko Gudas (WPG) for Holding (Minor) at 15:56

2nd period

5. Jets , Joe Pavelski 8 (David Krejci) at 4:59 (PP)
6. Jets , Cam Atkinson 6 (Rickard Rakell, Tyler Myers) at 12:35
7. Stars , Sidney Crosby 7 (Jonathan Huberdeau, Kris Letang) at 16:55
8. Stars , Ryan Callahan 3 (Nikita Kucherov, Patrik Elias) at 19:38

Penalties :
Jason Zucker (WPG) for Cross-checking (Minor) at 0:02, Cody McLeod (DAL) for Hooking (Minor) at 2:13, Cody McLeod (DAL) for Tripping (Minor) at 4:55

3rd period

9. Jets , David Krejci 5 (Brent Seabrook, Joe Pavelski) at 4:50
10. Jets , Brent Seabrook 1 (Nick Bonino, David Krejci) at 13:34
11. Stars , John Mitchell 2 (Cody McLeod, Olli Maatta) at 17:17

Penalties :
Clayton Stoner (DAL) for Holding (Minor) at 1:21, Ryan Callahan (DAL) for High sticking (Minor) at 5:35

Goalie Stats

Cory Schneider (WPG), 14 saves from 18 shots - (0.778), W, 8-2-1, 60:00 minutes
Ben Scrivens (DAL), 16 saves from 19 shots - (0.842), L, 2-1-0, 35:01 minutes
Jonathan Quick (DAL), 6 saves from 10 shots - (0.600), 24:59 minutes

Players Stats for Jets

Player Name              G  A  P  +/- PIM S  H  SB GA TA FO     MP     PP MP  PK MP  
------------------------------------------------------------------------------------
Adam Lowry               0  0  0  -1  0   1  1  0  0  0  1/1    13:47   0:00   3:15 
Boyd Gordon              0  0  0  -1  0   0  0  0  0  0  4/7     9:07   0:00   0:19 
Brent Seabrook           1  1  2   3  0   2  5  3  0  0  0/0    23:05   3:10   0:42 
Cam Atkinson             1  1  2   1  0   3  0  0  0  0  0/0    19:16   2:43   0:00 
David Krejci             2  2  4   2  0   4  0  0  0  0  11/22  20:22   3:18   0:00 
Erik Gustafsson          0  0  0   0  0   0  0  0  0  0  0/0     4:28   0:00   0:00 
Frans Nielsen            0  0  0   1  0   2  0  0  0  0  15/26  19:40   2:43   0:24 
Hampus Lindholm          0  0  0   0  0   0  0  2  0  0  0/0    21:37   3:10   1:56 
Jamie Benn               0  1  1   1  0   2  1  0  0  0  0/0     8:59   0:51   0:00 
Jason Zucker             0  1  1   0  2   1  2  0  0  0  0/0    15:02   1:12   0:24 
Joe Pavelski             1  2  3   2  0   4  1  0  0  0  1/3    20:22   3:18   0:00 
Nate Schmidt             0  0  0  -1  0   0  0  0  0  0  0/0    14:21   0:00   0:04 
Nick Bonino              1  1  2   1  0   2  0  1  0  0  0/9    12:12   0:00   3:15 
Patrick Eaves            0  0  0  -1  0   1  3  0  0  0  0/1    17:23   0:40   0:19 
Radko Gudas              0  0  0  -1  2   1  3  2  0  0  0/0    15:26   0:00   1:10 
Rickard Rakell           1  1  2   1  0   3  2  0  0  0  1/1    19:51   3:18   0:00 
Tobias Enstrom           0  0  0   0  0   1  3  0  0  0  0/0    21:24   2:51   2:02 
Tyler Myers              0  2  2   3  0   2  0  0  0  0  0/0    19:38   2:51   2:02 

Players Stats for Stars

Player Name              G  A  P  +/- PIM S  H  SB GA TA FO     MP     PP MP  PK MP  
------------------------------------------------------------------------------------
Adam Pardy               0  1  1   1  0   0  0  1  0  0  0/0    17:37   0:00   0:00 
Brad Malone              0  0  0   0  0   0  0  0  0  0  0/0     4:25   0:00   0:00 
Brandon Manning          0  0  0   0  0   0  0  0  0  0  0/0     0:00   0:00   0:00 
Clayton Stoner           0  0  0  -1  2   1  4  2  0  0  0/0    15:23   0:00   0:00 
Cody McLeod              0  1  1  -1  4   2  0  1  0  0  0/0    16:29   0:00   0:00 
David Backes             0  1  1   1  0   2  4  0  0  0  3/4    17:50   2:05   0:00 
Duncan Keith             0  0  0  -2  0   1  0  0  0  0  0/0    23:11   1:53   3:20 
John Mitchell            1  0  1  -1  0   3  0  1  0  0  8/16   18:01   2:05   0:00 
Jonathan Huberdeau       0  1  1   1  0   2  0  0  0  0  5/12   22:33   1:53   2:46 
Kris Letang              0  1  1   1  0   0  2  1  0  0  0/0    24:29   1:53   2:41 
Mark Stuart              0  0  0  -2  0   0  0  2  0  0  0/0    20:07   2:05   3:20 
Nikita Kucherov          0  1  1  -2  0   1  0  0  0  0  0/0    22:24   1:53   2:46 
Olli Maatta              0  1  1  -1  0   0  0  0  0  0  0/0    19:12   2:05   2:41 
Patrik Elias             0  1  1  -3  0   1  0  1  0  0  2/6    19:58   2:05   3:15 
Rob Scuderi              0  0  0   0  0   0  0  0  0  0  0/0     0:00   0:00   0:00 
Ryan Callahan            1  0  1  -2  2   1  4  0  0  0  7/16   13:57   0:00   0:00 
Sidney Crosby            2  0  2   2  0   4  0  0  0  0  12/16  21:14   1:53   3:15 
Tyler Gaudet             0  0  0  -1  0   0  0  0  0  0  0/0    17:05   0:00   0:00 

3 Stars

1 - David Krejci (WPG)
2 - Brent Seabrook (WPG)
3 - Joe Pavelski (WPG)

Power Play

Jets - 1 on 4 Attempt(s) - 25.00%
Stars - 0 on 2 Attempt(s) - 0.00%

Penalty Kill

Jets - 2 on 2 Attempt(s) - 100.00% - Score 0 goal in Penalty Kill
Stars - 3 on 4 Attempt(s) - 75.00% - Score 0 goal in Penalty Kill

Team Stat

Jets - Hits : 21 - Faceoff Wins : 33 - Blocked Shots : 8 - Penalty Minutes : 4
Stars - Hits : 14 - Faceoff Wins : 37 - Blocked Shots : 9 - Penalty Minutes : 8

Official

Referees : Justin StPierre and Mark Lemelin
Linesman : Shane Heyer and Tony Sericolo

Game Notes

Ben Scrivens enters game at 4:59 of 2nd period
Jamie Benn is injured at 9:28 of 2nd period (Right Knee)

Finance

Level 1 -- Attendance: 2478 (41.30%) -- Ticket Income $545,160
Level 2 -- Attendance: 2091 (41.82%) -- Ticket Income $334,560
Level 3 -- Attendance: 1212 (60.60%) -- Ticket Income $157,560
Level 4 -- Attendance: 976 (21.54%) -- Ticket Income $97,600
Luxury Box -- Attendance: 426 (42.60%) -- Ticket Income $170,400
Game was played at the American Airlines Center.
Total Attendance: 7183 (38.76%)
Total Ticket Income: $1,305,280
Other Income: $195,792
Total Income: $1,501,072

% Time on Ice - Jets

Lines # - Real PCT - Wanted PCT - Time Play
Normal Forward
1 - 34% - 34% - 17:04
2 - 33% - 33% - 16:33
3 - 15% - 21% - 7:36
4 - 18% - 12% - 8:48
Normal Defense
1 - 33% - 34% - 16:31
2 - 29% - 33% - 14:45
3 - 29% - 24% - 14:17
4 - 9% - 9% - 4:28
PP Forward
1 - 55% - 63% - 3:18
2 - 45% - 37% - 2:43
PP Defense
1 - 53% - 70% - 3:10
2 - 47% - 30% - 2:51
PK Forward
1 - 92% - 65% - 3:39
2 - 8% - 35% - 0:19
PK Defense
1 - 51% - 60% - 2:02
2 - 49% - 40% - 1:56
PK3 Forward
1 - 0% - 70%
2 - 0% - 30%
PK3 Defense
1 - 0% - 60%
2 - 0% - 40%
44 Forward
1 - 0% - 50%
2 - 0% - 50%
44 Defense
1 - 0% - 51%
2 - 0% - 49%
Last Minute Offensive  - 0:00
Last Minute Defensive  - 0:00
Total
Forward - 60:00
Defense - 60:00

% Time on Ice - Stars

Lines # - Real PCT - Wanted PCT - Time Play
Normal Forward
1 - 31% - 38% - 15:42
2 - 28% - 35% - 13:58
3 - 33% - 15% - 16:31
4 - 8% - 12% - 3:50
Normal Defense
1 - 35% - 40% - 17:37
2 - 29% - 35% - 14:42
3 - 29% - 15% - 14:26
4 - 7% - 10% - 3:16
PP Forward
1 - 47% - 50% - 1:53
2 - 53% - 50% - 2:05
PP Defense
1 - 47% - 50% - 1:53
2 - 53% - 50% - 2:05
PK Forward
1 - 46% - 50% - 2:46
2 - 54% - 50% - 3:15
PK Defense
1 - 45% - 50% - 2:41
2 - 55% - 50% - 3:20
PK3 Forward
1 - 0% - 50%
2 - 0% - 50%
PK3 Defense
1 - 0% - 50%
2 - 0% - 50%
44 Forward
1 - 0% - 50%
2 - 0% - 50%
44 Defense
1 - 0% - 50%
2 - 0% - 50%
Last Minute Offensive  - 0:00
Last Minute Defensive  - 0:00
Total
Forward - 60:00
Defense - 60:00

Play by Play

1st period


0:01 of 1st period - Joe Pavelski wins face-off versus Sidney Crosby in neutral zone.
0:06 of 1st period - Shot by Jamie Benn.
0:06 of 1st period - Stopped by Jonathan Quick with a rebound.
0:18 of 1st period - Shot by Sidney Crosby.
0:18 of 1st period - Shot Misses the Net.
0:22 of 1st period - Shot by David Backes.
0:22 of 1st period - Shot Misses the Net.
0:30 of 1st period - Shot by Jonathan Huberdeau.
0:30 of 1st period - Shot Misses the Net.
0:32 of 1st period - Shot by David Backes.
0:32 of 1st period - Stopped by Cory Schneider without a rebound.
0:33 of 1st period - Frans Nielsen wins face-off versus Ryan Callahan in Jets zone.
0:56 of 1st period - Shot by Rickard Rakell.
0:56 of 1st period - Goal by Rickard Rakell - Jets : 1 - Stars : 0.
0:57 of 1st period - John Mitchell wins face-off versus Patrick Eaves in neutral zone.
2:14 of 1st period - Shot by Brent Seabrook.
2:14 of 1st period - Stopped by Jonathan Quick without a rebound.
2:15 of 1st period - David Krejci wins face-off versus Ryan Callahan in Stars zone.
2:37 of 1st period - Icing by Duncan Keith.
2:38 of 1st period - Boyd Gordon wins face-off versus Ryan Callahan in Stars zone.
2:53 of 1st period - Erik Gustafsson is hit by Ryan Callahan and loses puck.
3:00 of 1st period - Shot by Nikita Kucherov.
3:00 of 1st period - Shot Misses the Net.
3:39 of 1st period - Shot by David Backes.
3:39 of 1st period - Shot Misses the Net.
3:41 of 1st period - Shot by Adam Pardy.
3:41 of 1st period - Shot Misses the Net.
3:43 of 1st period - Shot by Sidney Crosby.
3:43 of 1st period - Goal by Sidney Crosby - Jets : 1 - Stars : 1.
3:44 of 1st period - Sidney Crosby wins face-off versus David Krejci in neutral zone.
4:32 of 1st period - Nikita Kucherov is hit by Tobias Enstrom and loses puck.
5:08 of 1st period - Shot by Rickard Rakell.
5:08 of 1st period - Shot Blocked by John Mitchell.
5:16 of 1st period - Shot by Cody McLeod.
5:16 of 1st period - Stopped by Cory Schneider without a rebound.
5:17 of 1st period - Patrik Elias wins face-off versus Nick Bonino in Jets zone.
5:21 of 1st period - Jonathan Huberdeau is hit by Brent Seabrook and loses puck.
5:40 of 1st period - Shot by Jonathan Huberdeau.
5:40 of 1st period - Shot Misses the Net.
5:46 of 1st period - Shot by Nick Bonino.
5:46 of 1st period - Goal by Nick Bonino - Jets : 2 - Stars : 1.
5:47 of 1st period - John Mitchell wins face-off versus Frans Nielsen in neutral zone.
6:08 of 1st period - Shot by Cam Atkinson.
6:08 of 1st period - Shot Blocked by Cody McLeod.
6:10 of 1st period - Shot by Rickard Rakell.
6:10 of 1st period - Shot Misses the Net.
7:57 of 1st period - Icing by David Krejci.
7:58 of 1st period - David Krejci wins face-off versus Ryan Callahan in Jets zone.
8:33 of 1st period - Adam Pardy is hit by Jason Zucker and loses puck.
8:40 of 1st period - Shot by Jason Zucker.
8:40 of 1st period - Shot Blocked by Adam Pardy.
8:42 of 1st period - Shot by Patrick Eaves.
8:42 of 1st period - Stopped by Jonathan Quick without a rebound.
8:43 of 1st period - Jonathan Huberdeau wins face-off versus Frans Nielsen in Stars zone.
10:40 of 1st period - Nikita Kucherov is hit by Brent Seabrook and loses puck.
11:07 of 1st period - Shot by Patrik Elias.
11:07 of 1st period - Stopped by Cory Schneider without a rebound.
11:08 of 1st period - Sidney Crosby wins face-off versus Frans Nielsen in Jets zone.
11:13 of 1st period - Shot by Jonathan Huberdeau.
11:13 of 1st period - Deflect By Sidney Crosby.
11:13 of 1st period - Stopped by Cory Schneider without a rebound.
11:14 of 1st period - Sidney Crosby wins face-off versus Frans Nielsen in Jets zone.
11:59 of 1st period - Jonathan Huberdeau is hit by Radko Gudas and loses puck.
13:02 of 1st period - Icing by Kris Letang.
13:03 of 1st period - Ryan Callahan wins face-off versus David Krejci in Stars zone.
13:22 of 1st period - Shot by David Krejci.
13:22 of 1st period - Goal by David Krejci - Jets : 3 - Stars : 1.
13:23 of 1st period - Boyd Gordon wins face-off versus Jonathan Huberdeau in neutral zone.
13:25 of 1st period - Brent Seabrook is hit by David Backes and loses puck.
14:24 of 1st period - Icing by Clayton Stoner.
14:25 of 1st period - Frans Nielsen wins face-off versus John Mitchell in Stars zone.
14:32 of 1st period - Shot by Cam Atkinson.
14:32 of 1st period - Shot Misses the Net.
14:49 of 1st period - Cam Atkinson is hit by Clayton Stoner and loses puck.
14:56 of 1st period - Shot by Cam Atkinson.
14:56 of 1st period - Shot Misses the Net.
15:19 of 1st period - Olli Maatta is hit by Radko Gudas.
15:29 of 1st period - Shot by Jamie Benn.
15:29 of 1st period - Shot Misses the Net.
15:56 of 1st period - Minor Penalty to Radko Gudas for Holding.
15:57 of 1st period - Sidney Crosby wins face-off versus Nick Bonino in Jets zone.
16:24 of 1st period - Shot by Nikita Kucherov.
16:24 of 1st period - Shot Misses the Net.
16:31 of 1st period - Shot by Jonathan Huberdeau.
16:31 of 1st period - Shot Misses the Net.
16:33 of 1st period - Shot by Duncan Keith.
16:33 of 1st period - Stopped by Cory Schneider without a rebound.
16:34 of 1st period - David Backes wins face-off versus Nick Bonino in Jets zone.
17:01 of 1st period - Shot by Olli Maatta.
17:01 of 1st period - Shot Blocked by Hampus Lindholm.
17:03 of 1st period - Shot by Mark Stuart.
17:03 of 1st period - Shot Blocked by Hampus Lindholm.
17:05 of 1st period - Shot by David Backes.
17:05 of 1st period - Shot Misses the Net.
17:26 of 1st period - Adam Lowry is hit by David Backes and loses puck.
18:30 of 1st period - Shot by Jamie Benn.
18:30 of 1st period - Stopped by Jonathan Quick without a rebound.
18:31 of 1st period - Frans Nielsen wins face-off versus Jonathan Huberdeau in Stars zone.
18:46 of 1st period - Frans Nielsen is hit by David Backes and loses puck.
19:01 of 1st period - Shot by Cam Atkinson.
19:01 of 1st period - Shot Misses the Net.
19:30 of 1st period - Icing by Tobias Enstrom.
19:31 of 1st period - David Krejci wins face-off versus Patrik Elias in Jets zone.
19:36 of 1st period - Olli Maatta is hit by Jamie Benn.
19:40 of 1st period - Shot by Joe Pavelski.
19:40 of 1st period - Shot Misses the Net.
Goals for this period are 3 for Jets vs 1 for Stars.
Shots for this period are 7 for Jets vs 6 for Stars.

2nd period


0:01 of 2nd period - Ryan Callahan wins face-off versus Nick Bonino in neutral zone.
0:01 of 2nd period - Ryan Callahan is hit by Patrick Eaves.
0:02 of 2nd period - Minor Penalty to Jason Zucker for Cross-checking.
0:03 of 2nd period - David Backes wins face-off versus Nick Bonino in Jets zone.
0:11 of 2nd period - Patrik Elias is hit by Tobias Enstrom and loses puck.
0:17 of 2nd period - John Mitchell is hit by Tobias Enstrom and loses puck.
1:38 of 2nd period - Shot by Jonathan Huberdeau.
1:38 of 2nd period - Shot Misses the Net.
1:51 of 2nd period - Icing by David Backes.
1:52 of 2nd period - Boyd Gordon wins face-off versus David Backes in Stars zone.
2:13 of 2nd period - Minor Penalty to Cody McLeod for Hooking.
2:14 of 2nd period - David Krejci wins face-off versus Jonathan Huberdeau in Stars zone.
2:52 of 2nd period - Off-side.
2:53 of 2nd period - Frans Nielsen wins face-off versus Patrik Elias in neutral zone.
3:58 of 2nd period - Shot by Tobias Enstrom.
3:58 of 2nd period - Stopped by Jonathan Quick with a rebound.
4:00 of 2nd period - Shot by David Krejci.
4:00 of 2nd period - Shot Misses the Net.
4:02 of 2nd period - Shot by Tyler Myers.
4:02 of 2nd period - Stopped by Jonathan Quick without a rebound.
4:03 of 2nd period - Jonathan Huberdeau wins face-off versus David Krejci in Stars zone.
4:15 of 2nd period - Nick Bonino is hit by Kris Letang and loses puck.
4:55 of 2nd period - Minor Penalty to Cody McLeod for Tripping.
4:56 of 2nd period - David Krejci wins face-off versus Patrik Elias in Stars zone.
4:59 of 2nd period - Shot by Joe Pavelski.
4:59 of 2nd period - Goal by Joe Pavelski - Jets : 4 - Stars : 1.
4:59 of 2nd period - Ben Scrivens enters game.
5:00 of 2nd period - Rickard Rakell wins face-off versus Ryan Callahan in neutral zone.
5:38 of 2nd period - Shot by Nikita Kucherov.
5:38 of 2nd period - Stopped by Cory Schneider without a rebound.
5:39 of 2nd period - David Backes wins face-off versus Nick Bonino in Jets zone.
5:44 of 2nd period - Shot by David Backes.
5:44 of 2nd period - Shot Blocked by Nick Bonino.
5:58 of 2nd period - Shot by Sidney Crosby.
5:58 of 2nd period - Deflect By Jonathan Huberdeau.
5:58 of 2nd period - Stopped by Cory Schneider without a rebound.
5:59 of 2nd period - David Krejci wins face-off versus John Mitchell in Jets zone.
6:10 of 2nd period - Icing by Tyler Gaudet.
6:11 of 2nd period - Frans Nielsen wins face-off versus John Mitchell in Stars zone.
6:11 of 2nd period - Tyler Myers is hit by Kris Letang and loses puck.
6:29 of 2nd period - Shot by Tyler Gaudet.
6:29 of 2nd period - Shot Blocked by Brent Seabrook.
6:31 of 2nd period - Shot by John Mitchell.
6:31 of 2nd period - Deflect By Cody McLeod.
6:31 of 2nd period - Stopped by Cory Schneider without a rebound.
6:32 of 2nd period - Sidney Crosby wins face-off versus Joe Pavelski in Jets zone.
7:05 of 2nd period - Shot by Joe Pavelski.
7:05 of 2nd period - Stopped by Ben Scrivens without a rebound.
7:06 of 2nd period - Ryan Callahan wins face-off versus Frans Nielsen in Stars zone.
9:02 of 2nd period - Duncan Keith is hit by Joe Pavelski and loses puck.
9:14 of 2nd period - Icing by Nate Schmidt.
9:15 of 2nd period - David Krejci wins face-off versus John Mitchell in Jets zone.
9:21 of 2nd period - Nate Schmidt is hit by Clayton Stoner and loses puck.
9:27 of 2nd period - Jamie Benn is hit by Clayton Stoner and loses puck.
9:28 of 2nd period - Jamie Benn from Jets is injured at 9:28 of 2nd period (Right Knee).
9:29 of 2nd period - Frans Nielsen wins face-off versus John Mitchell in Stars zone.
9:32 of 2nd period - Shot by Rickard Rakell.
9:32 of 2nd period - Shot Blocked by Kris Letang.
9:34 of 2nd period - Shot by Cam Atkinson.
9:34 of 2nd period - Shot Misses the Net.
9:44 of 2nd period - Tyler Gaudet is hit by Rickard Rakell and loses puck.
10:00 of 2nd period - Kris Letang is hit by Brent Seabrook and loses puck.
10:19 of 2nd period - Nikita Kucherov is hit by Rickard Rakell and loses puck.
10:46 of 2nd period - Shot by David Krejci.
10:46 of 2nd period - Stopped by Ben Scrivens with a rebound.
11:20 of 2nd period - Nate Schmidt is hit by Ryan Callahan and loses puck.
11:35 of 2nd period - Shot by Adam Lowry.
11:35 of 2nd period - Stopped by Ben Scrivens with a rebound.
11:37 of 2nd period - Shot by Boyd Gordon.
11:37 of 2nd period - Shot Misses the Net.
11:39 of 2nd period - Shot by Boyd Gordon.
11:39 of 2nd period - Shot Misses the Net.
11:41 of 2nd period - Shot by Boyd Gordon.
11:41 of 2nd period - Shot Misses the Net.
12:03 of 2nd period - Icing by Patrik Elias.
12:04 of 2nd period - Ryan Callahan wins face-off versus Frans Nielsen in Stars zone.
12:33 of 2nd period - Shot by Rickard Rakell.
12:33 of 2nd period - Shot Blocked by Clayton Stoner.
12:35 of 2nd period - Shot by Cam Atkinson.
12:35 of 2nd period - Goal by Cam Atkinson - Jets : 5 - Stars : 1.
12:36 of 2nd period - Sidney Crosby wins face-off versus David Krejci in neutral zone.
13:05 of 2nd period - Shot by Jonathan Huberdeau.
13:05 of 2nd period - Shot Misses the Net.
13:40 of 2nd period - Icing by Duncan Keith.
13:41 of 2nd period - Frans Nielsen wins face-off versus John Mitchell in Stars zone.
13:44 of 2nd period - Shot by Cam Atkinson.
13:44 of 2nd period - Shot Blocked by Mark Stuart.
13:46 of 2nd period - Shot by Cam Atkinson.
13:46 of 2nd period - Shot Misses the Net.
13:51 of 2nd period - Icing by Duncan Keith.
13:52 of 2nd period - John Mitchell wins face-off versus Boyd Gordon in Stars zone.
13:52 of 2nd period - John Mitchell is hit by Patrick Eaves.
15:42 of 2nd period - Shot by Nikita Kucherov.
15:42 of 2nd period - Shot Blocked by Radko Gudas.
16:05 of 2nd period - Icing by Nate Schmidt.
16:06 of 2nd period - Frans Nielsen wins face-off versus Ryan Callahan in Jets zone.
16:17 of 2nd period - Shot by Patrik Elias.
16:17 of 2nd period - Shot Misses the Net.
16:19 of 2nd period - Shot by Ryan Callahan.
16:19 of 2nd period - Shot Blocked by Radko Gudas.
16:21 of 2nd period - Shot by Clayton Stoner.
16:21 of 2nd period - Stopped by Cory Schneider without a rebound.
16:22 of 2nd period - Sidney Crosby wins face-off versus Nick Bonino in Jets zone.
16:31 of 2nd period - Shot by Jonathan Huberdeau.
16:31 of 2nd period - Stopped by Cory Schneider with a rebound.
16:39 of 2nd period - Shot by Jonathan Huberdeau.
16:39 of 2nd period - Shot Misses the Net.
16:41 of 2nd period - Shot by Adam Pardy.
16:41 of 2nd period - Shot Blocked by Brent Seabrook.
16:55 of 2nd period - Shot by Sidney Crosby.
16:55 of 2nd period - Goal by Sidney Crosby - Jets : 5 - Stars : 2.
16:56 of 2nd period - Ryan Callahan wins face-off versus David Krejci in neutral zone.
16:59 of 2nd period - Adam Lowry is hit by Ryan Callahan and loses puck.
17:03 of 2nd period - Icing by Hampus Lindholm.
17:04 of 2nd period - John Mitchell wins face-off versus David Krejci in Jets zone.
17:30 of 2nd period - Shot by David Krejci.
17:30 of 2nd period - Stopped by Ben Scrivens with a rebound.
17:59 of 2nd period - Mark Stuart is hit by Brent Seabrook and loses puck.
18:08 of 2nd period - Shot by Jason Zucker.
18:08 of 2nd period - Shot Misses the Net.
19:04 of 2nd period - Shot by Sidney Crosby.
19:04 of 2nd period - Stopped by Cory Schneider without a rebound.
19:05 of 2nd period - Adam Lowry wins face-off versus Ryan Callahan in Jets zone.
19:05 of 2nd period - Adam Lowry is hit by Ryan Callahan.
19:15 of 2nd period - Shot by Joe Pavelski.
19:15 of 2nd period - Stopped by Ben Scrivens without a rebound.
19:16 of 2nd period - Frans Nielsen wins face-off versus Ryan Callahan in Stars zone.
19:38 of 2nd period - Shot by Ryan Callahan.
19:38 of 2nd period - Goal by Ryan Callahan - Jets : 5 - Stars : 3.
19:39 of 2nd period - David Krejci wins face-off versus Sidney Crosby in neutral zone.
19:52 of 2nd period - Icing by Kris Letang.
19:53 of 2nd period - Sidney Crosby wins face-off versus Frans Nielsen in Stars zone.
19:58 of 2nd period - Shot by Frans Nielsen.
19:58 of 2nd period - Shot Misses the Net.
Goals for this period are 2 for Jets vs 2 for Stars.
Shots for this period are 9 for Jets vs 8 for Stars.

3rd period


0:01 of 3rd period - Sidney Crosby wins face-off versus David Krejci in neutral zone.
1:14 of 3rd period - Icing by Tyler Myers.
1:15 of 3rd period - Frans Nielsen wins face-off versus John Mitchell in Jets zone.
1:20 of 3rd period - Shot by Cam Atkinson.
1:20 of 3rd period - Stopped by Ben Scrivens with a rebound.
1:21 of 3rd period - Minor Penalty to Clayton Stoner for Holding.
1:22 of 3rd period - Frans Nielsen wins face-off versus Jonathan Huberdeau in Stars zone.
2:43 of 3rd period - Shot by Tyler Myers.
2:43 of 3rd period - Stopped by Ben Scrivens without a rebound.
2:44 of 3rd period - Frans Nielsen wins face-off versus Jonathan Huberdeau in Stars zone.
3:05 of 3rd period - Shot by Cam Atkinson.
3:05 of 3rd period - Shot Misses the Net.
3:07 of 3rd period - Shot by Jason Zucker.
3:07 of 3rd period - Stopped by Ben Scrivens without a rebound.
3:08 of 3rd period - Jonathan Huberdeau wins face-off versus Joe Pavelski in Stars zone.
4:48 of 3rd period - Shot by David Krejci.
4:48 of 3rd period - Shot Blocked by Mark Stuart.
4:50 of 3rd period - Shot by David Krejci.
4:50 of 3rd period - Goal by David Krejci - Jets : 6 - Stars : 3.
4:51 of 3rd period - Sidney Crosby wins face-off versus Frans Nielsen in neutral zone.
4:54 of 3rd period - Shot by Sidney Crosby.
4:54 of 3rd period - Shot Misses the Net.
4:56 of 3rd period - Shot by David Backes.
4:56 of 3rd period - Stopped by Cory Schneider without a rebound.
4:57 of 3rd period - Sidney Crosby wins face-off versus Frans Nielsen in Jets zone.
5:02 of 3rd period - Shot by Sidney Crosby.
5:02 of 3rd period - Shot Misses the Net.
5:16 of 3rd period - Shot by Cam Atkinson.
5:16 of 3rd period - Stopped by Ben Scrivens without a rebound.
5:17 of 3rd period - Ryan Callahan wins face-off versus Boyd Gordon in Stars zone.
5:35 of 3rd period - Minor Penalty to Ryan Callahan for High sticking.
5:36 of 3rd period - David Krejci wins face-off versus Jonathan Huberdeau in Stars zone.
5:53 of 3rd period - Icing by Brent Seabrook.
5:54 of 3rd period - Patrik Elias wins face-off versus David Krejci in Jets zone.
6:04 of 3rd period - Icing by Brent Seabrook.
6:05 of 3rd period - Jonathan Huberdeau wins face-off versus David Krejci in Jets zone.
7:20 of 3rd period - Shot by Frans Nielsen.
7:20 of 3rd period - Stopped by Ben Scrivens with a rebound.
8:00 of 3rd period - Shot by John Mitchell.
8:00 of 3rd period - Stopped by Cory Schneider without a rebound.
8:01 of 3rd period - David Krejci wins face-off versus Sidney Crosby in Jets zone.
9:19 of 3rd period - Boyd Gordon is hit by David Backes and loses puck.
9:23 of 3rd period - Icing by Boyd Gordon.
9:24 of 3rd period - Ryan Callahan wins face-off versus Boyd Gordon in Jets zone.
9:41 of 3rd period - Kris Letang is hit by Adam Lowry and loses puck.
9:52 of 3rd period - Shot by Nikita Kucherov.
9:52 of 3rd period - Shot Misses the Net.
10:52 of 3rd period - Icing by Rickard Rakell.
10:53 of 3rd period - Jonathan Huberdeau wins face-off versus Frans Nielsen in Jets zone.
10:53 of 3rd period - Duncan Keith is hit by Radko Gudas and loses puck.
12:05 of 3rd period - Jonathan Huberdeau is hit by Brent Seabrook and loses puck.
12:21 of 3rd period - Shot by David Krejci.
12:21 of 3rd period - Shot Misses the Net.
12:31 of 3rd period - Duncan Keith is hit by Patrick Eaves and loses puck.
13:02 of 3rd period - Icing by Kris Letang.
13:03 of 3rd period - David Krejci wins face-off versus Jonathan Huberdeau in Stars zone.
13:17 of 3rd period - Icing by Nick Bonino.
13:18 of 3rd period - John Mitchell wins face-off versus David Krejci in Jets zone.
13:30 of 3rd period - Shot by Joe Pavelski.
13:30 of 3rd period - Deflect By David Krejci.
13:30 of 3rd period - Shot Blocked by Clayton Stoner.
13:32 of 3rd period - Shot by Nick Bonino.
13:32 of 3rd period - Shot Misses the Net.
13:34 of 3rd period - Shot by Brent Seabrook.
13:34 of 3rd period - Goal by Brent Seabrook - Jets : 7 - Stars : 3.
13:35 of 3rd period - Frans Nielsen wins face-off versus John Mitchell in neutral zone.
13:43 of 3rd period - Shot by Rickard Rakell.
13:43 of 3rd period - Stopped by Ben Scrivens without a rebound.
13:44 of 3rd period - John Mitchell wins face-off versus Nick Bonino in Stars zone.
13:44 of 3rd period - John Mitchell is hit by Jason Zucker.
14:09 of 3rd period - Jason Zucker is hit by Clayton Stoner and loses puck.
14:12 of 3rd period - Shot by Nick Bonino.
14:12 of 3rd period - Stopped by Ben Scrivens without a rebound.
14:13 of 3rd period - Frans Nielsen wins face-off versus Patrik Elias in Stars zone.
14:22 of 3rd period - Shot by Rickard Rakell.
14:22 of 3rd period - Stopped by Ben Scrivens without a rebound.
14:23 of 3rd period - John Mitchell wins face-off versus David Krejci in Stars zone.
15:38 of 3rd period - Shot by Frans Nielsen.
15:38 of 3rd period - Stopped by Ben Scrivens with a rebound.
16:08 of 3rd period - Off-side.
16:09 of 3rd period - Boyd Gordon wins face-off versus Ryan Callahan in neutral zone.
16:36 of 3rd period - Shot by Patrick Eaves.
16:36 of 3rd period - Shot Blocked by Patrik Elias.
17:13 of 3rd period - Shot by Olli Maatta.
17:13 of 3rd period - Shot Blocked by Brent Seabrook.
17:15 of 3rd period - Shot by Cody McLeod.
17:15 of 3rd period - Shot Misses the Net.
17:17 of 3rd period - Shot by John Mitchell.
17:17 of 3rd period - Goal by John Mitchell - Jets : 7 - Stars : 4.
17:18 of 3rd period - Frans Nielsen wins face-off versus Sidney Crosby in neutral zone.
17:47 of 3rd period - Shot by Cam Atkinson.
17:47 of 3rd period - Shot Misses the Net.
18:09 of 3rd period - Shot by Cody McLeod.
18:09 of 3rd period - Shot Misses the Net.
18:11 of 3rd period - Shot by John Mitchell.
18:11 of 3rd period - Stopped by Cory Schneider without a rebound.
18:12 of 3rd period - John Mitchell wins face-off versus Nick Bonino in Jets zone.
19:31 of 3rd period - Shot by Joe Pavelski.
19:31 of 3rd period - Shot Misses the Net.
19:41 of 3rd period - Shot by Joe Pavelski.
19:41 of 3rd period - Stopped by Ben Scrivens with a rebound.
19:43 of 3rd period - Shot by Joe Pavelski.
19:43 of 3rd period - Shot Misses the Net.
19:45 of 3rd period - Shot by Nate Schmidt.
19:45 of 3rd period - Shot Misses the Net.
19:47 of 3rd period - Shot by Radko Gudas.
19:47 of 3rd period - Stopped by Ben Scrivens without a rebound.
19:48 of 3rd period - Sidney Crosby wins face-off versus Frans Nielsen in Stars zone.
Goals for this period are 2 for Jets vs 1 for Stars.
Shots for this period are 13 for Jets vs 4 for Stars.